 Dungeon Crawl Stone Soup version 0.19.1-1-g22dce08 (webtiles) character file.

29395 Gargoyl the Cleaver (level 13, -1/108 HPs)
             Began as a Ghoul Abyssal Knight on Jan 12, 2017.
             Was an Elder of Lugonu.
             Slain by a death yak (8 damage)
             ... on level 6 of the Lair of Beasts.
             The game lasted 00:38:34 (15530 turns).

Gargoyl the Cleaver (Ghoul Abyssal Knight)         Turns: 15530, Time: 00:38:35

Health: -1/108     AC: 21    Str: 19    XL:     13   Next: 45%
Magic:  20/20      EV: 11    Int:  7    God:    Lugonu [****..]
Gold:   568        SH: 14    Dex: 16    Spells: 0 memorised, 12 levels left

rFire  . . .     SeeInvis .     u - +6 war axe
rCold  + . .     Gourm    .     p - +4 chain mail
rNeg   + + +     Faith    .     y - +0 shield
rPois  ∞         Spirit   .     U - +1 helmet
rElec  .         Reflect  +     (no cloak)
rCorr  .         Harm     .     A - +2 pair of gloves
MR     .....                    (no boots)
Stlth  ..........               e - +3 amulet of reflection
                                w - +6 ring of dexterity
                                m - +3 ring of evasion

@: rotting
A: rotting body, claws 1, carnivore 3, cold resistance 1, negative energy
resistance 3, slow regeneration 1, torment resistance, unbreathing
a: Depart the Abyss, Bend Space, Banish, Corrupt, Renounce Religion


You were on level 6 of the Lair of Beasts.
You worshipped Lugonu.
Lugonu was greatly pleased with you.
You were not hungry.

You visited 2 branches of the dungeon, and saw 15 of its levels.
You visited the Abyss 1 time.
You also visited: Ossuary.

You collected 747 gold pieces.
You spent 179 gold pieces at shops.

Inventory:

Hand Weapons
 a - a +2 hand axe
 u - a +6 war axe (weapon)
 N - a +1 antimagic trident
Missiles
 g - 6 javelins
 B - 16 tomahawks (quivered)
Armour
 p - a +4 chain mail (worn)
 y - a +0 shield (worn)
 A - a +2 pair of gloves (worn)
 U - a +1 helmet (worn)
Jewellery
 e - a +3 amulet of reflection (around neck)
 m - a +3 ring of evasion (left hand)
 w - a +6 ring of dexterity (right hand)
Wands
 f - a wand of random effects (24/48)
 n - a wand of paralysis (20/24)
 q - a wand of teleportation (8/9)
 E - a wand of digging (16/24)
Scrolls
 b - 7 scrolls of remove curse
 d - 4 scrolls of amnesia
 o - 5 scrolls of teleportation
 t - a scroll of magic mapping
 x - 8 scrolls of identify
 z - 5 scrolls of recharging
 M - a scroll of blinking
Potions
 i - 2 potions of heal wounds
 j - a potion of invisibility
 k - 4 potions of curing
 r - 9 potions of might
 v - 2 potions of brilliance
 D - a potion of mutation {unknown}
 Q - 2 potions of agility
 R - a potion of ambrosia
Books
 h - a book of Cantrips

   Spells                             Type                      Level
   a - Confusing Touch                Hexes                        1
   b - Animate Skeleton               Necromancy                   1
   c - Summon Small Mammal            Summoning                    1
   d - Apportation                    Translocation                1
 C - a book of Necromancy

   Spells                             Type                      Level
   a - Pain                           Necromancy                   1
   b - Animate Skeleton               Necromancy                   1
   c - Vampiric Draining              Necromancy                   3
   d - Regeneration                   Charms/Necromancy            3
   e - Animate Dead                   Necromancy                   4
   f - Control Undead                 Necromancy                   4
 I - a book of Flames

   Spells                             Type                      Level
   a - Flame Tongue                   Conjuration/Fire             1
   b - Throw Flame                    Conjuration/Fire             2
   c - Conjure Flame                  Conjuration/Fire             3
   d - Inner Flame                    Hexes/Fire                   3
   e - Sticky Flame                   Conjuration/Fire             4
   f - Fireball                       Conjuration/Fire             5
 P - a Young Poisoner's Handbook

   Spells                             Type                      Level
   a - Sting                          Conjuration/Poison           1
   b - Mephitic Cloud                 Conjuration/Poison/Air       3
   c - Olgreb's Toxic Radiance        Poison                       4
   d - Alistair's Intoxication        Transmutation/Poison         5
   e - Venom Bolt                     Conjuration/Poison           5
Comestibles
 c - 13 meat rations
 l - 18 chunks of flesh
 H - 3 beef jerkies
 T - a slice of pizza


   Skills:
 + Level 8.5 Fighting
 + Level 11.5 Axes
 + Level 0.8 Throwing
 * Level 10.4 Armour
 + Level 3.6 Dodging
 + Level 7.5 Shields
 * Level 11.0 Invocations


You had 12 spell levels left.
You didn't know any spells.

Dungeon Overview and Level Annotations

Branches:
Dungeon (9/15)             Temple (0/1) D:6            Lair (6/6) D:8
 Shoals (0/4) Lair:3        Snake (0/4) Lair:4          Orc (0/2) D:9
  Slime: Lair:5-6

Altars:
Ashenzari
Dithmenos
Elyvilon
Fedhas
Hepliaklqana
Kikubaaqudgha
Makhleb
Okawaru
Ru
Sif Muna
Uskayaw
Vehumet
Xom
Zin
The Shining One

Shops:
D:4 (***

Annotations:
Lair:1 exclusion: oklob plant
Abyss:1 Rupert


Innate Abilities, Weirdness & Mutations

Your body is rotting away.
You thrive on raw meat.
You are immune to poison.
You have sharp fingernails.
You are carnivorous and can eat meat at any time.
Your flesh is cold resistant. (rC+)
You are immune to negative energy. (rN+++)
You regenerate slowly when monsters are visible.
You are immune to unholy pain and torment.
You can survive without breathing.


Message History

* * * LOW HITPOINT WARNING * * *
Unknown command.
You hit the death yak but do no damage.
The death yak is heavily wounded.
You hit the death yak. You block the death yak's attack.
The death yak barely misses you.
Your chain mail prevents you from hitting the death yak.
The death yak is heavily wounded.
You hit the death yak. The death yak gores you!
* * * LOW HITPOINT WARNING * * *
The death yak closely misses you.
Unknown command.
You slash the death yak!
The death yak is severely wounded.
You barely miss the death yak. You block the death yak's attack.
The death yak barely misses you.
Eat one of 18 chunks of flesh? (ye/n/q)
You start eating one of the 18 chunks of flesh.
The death yak gores you!
You die...

......................
......................
P............##.#....
#.......#...###.....
#...........P..#....
#P...........P......
#...................
#..Y....##.....#....
##Y@...##..........#
#......# #.....P..P.
#........####.......P
..#..........#.P.....P
........................
.##.##P#...#.P..........
## #########.. ..


You could see 2 death yaks.

Vanquished Creatures
  The ghost of baruk the Grappler, a journeyman DrTm of Ru (Lair:1)
  3 death yaks
  The ghost of cba the Covert, a novice OpAs of Uskayaw (D:7)
  13 elephants
  Joseph (Lair:1)
  A black mamba (Lair:6)
  7 spiny frogs
  4 rime drakes
  A komodo dragon (Lair:2)
  A merfolk (Lair:3)
  A troll (D:9)
  A polar bear (Lair:5)
  6 blink frogs
  A two-headed ogre (D:7)
  5 hippogriffs
  29 yaks
  A hungry ghost (D:7)
  3 nagas (Lair:4)
  13 water moccasins
  4 porcupines
  2 orc warriors
  An ice beast (D:9)
  2 black bears (Lair:5)
  3 phantoms
  A sky beast (D:8)
  An ogre (D:7)
  A necrophage (D:6)
  10 wolves
  2 centaurs
  The ghost of cba the Sneak, an amateur OpAs (D:3)
  6 crocodiles
  A big kobold (D:8)
  13 bullfrogs
  2 water moccasin zombies (Ossuary)
  8 scorpions
  2 electric eels
  3 howler monkeys
  6 crimson imps
  A quasit (D:9)
  2 jellies
  2 orc priests (D:7)
  A hound (D:7)
  2 centaur skeletons
  2 iguanas
  7 orc wizards
  9 worker ants
  A killer bee zombie (D:6)
  4 big kobold zombies (Ossuary)
  2 mummies (Ossuary)
  A howler monkey zombie (D:5)
  5 gnolls
  A howler monkey skeleton (D:5)
  2 river rats (D:8)
  16 adders
  4 shadow imps
  4 adder zombies (Ossuary)
  4 adder skeletons
  A worm (D:1)
  5 leopard geckos
  32 orcs
  15 giant cockroaches
  9 goblins
  6 hobgoblins
  4 quokkas
  2 ball pythons
  19 bats
  5 frilled lizards
  A giant cockroach zombie (D:5)
  4 gnoll zombies (Ossuary)
  4 hobgoblin zombies (Ossuary)
  6 kobolds
  8 kobold zombies (Ossuary)
  A leopard gecko skeleton (D:5)
  2 orc zombies (Ossuary)
  A quokka skeleton (D:4)
  8 rats
  9 fungi
374 creatures vanquished.

Vanquished Creatures (others)
  3 hydras
  2 merfolk (Lair:3)
  A blink frog (Lair:3)
  A yak (Lair:3)
  A basilisk (Lair:6)
  2 ogres
  3 centaurs
  6 fungi
  3 plants
22 creatures vanquished.

Grand Total: 396 creatures vanquished

Notes
Turn   | Place    | Note
-------+----------+-------------------------------------------
     0 | Abyss:1  | Gargoyl the Ghoul Abyssal Knight began the quest for the Orb.
     0 | Abyss:1  | Reached XP level 1. HP: 19/19 MP: 1/1
    82 | Abyss:1  | Noticed a worldbinder
    84 | Abyss:1  | Noticed a wind drake
    87 | D:1      | Escaped the Abyss
   510 | D:1      | Reached XP level 2. HP: 20/26 MP: 2/2
  1230 | D:2      | Reached * piety under Lugonu
  1230 | D:2      | Reached XP level 3. HP: 28/33 MP: 3/3
  1356 | D:2      | Found a sacrificial altar of Ru.
  1356 | D:2      | Found a white marble altar of Elyvilon.
  1357 | D:2      | Found a deep blue altar of Sif Muna.
  1486 | D:2      | Found a shattered altar of Ashenzari.
  1792 | D:2      | Reached XP level 4. HP: 36/40 MP: 4/4
  1937 | D:3      | Reached skill level 1 in Dodging
  2075 | D:3      | Reached ** piety under Lugonu
  2144 | D:3      | Noticed cba's ghost (amateur OpAs)
  2171 | D:3      | Killed cba's ghost
  2171 | D:3      | Reached XP level 5. HP: 31/46 MP: 4/6
  2484 | D:4      | Found an ancient bone altar of Kikubaaqudgha.
  2505 | D:4      | Reached XP level 6. HP: 37/52 MP: 7/7
  2638 | D:4      | Found Xakhufac's Assorted Antiques.
  2652 | D:4      | Noticed a phantom
  2691 | D:4      | Killed a phantom
  2696 | D:4      | Bought a shield for 108 gold pieces
  2820 | D:4      | Reached XP level 7. HP: 59/59 MP: 8/8
  2917 | D:4      | Reached *** piety under Lugonu
  2917 | D:4      | Reached skill level 1 in Shields
  2986 | D:4      | Found Istradil's General Store.
  3007 | D:4      | Bought a scroll of teleportation for 33 gold pieces
  3169 | D:4      | Found Kinojonu's Antique Weapon Shoppe.
  3209 | D:4      | Found Jiunenor's General Store.
  3362 | D:4      | Bought a +0 war axe for 38 gold pieces
  3422 | D:5      | Entered Level 5 of the Dungeon
  3576 | D:5      | Found a sand-covered staircase.
  3580 | Ossuary  | Entered an ossuary
  3688 | Ossuary  | Reached XP level 8. HP: 64/67 MP: 10/10
  3767 | Ossuary  | Reached skill level 5 in Armour
  3889 | Ossuary  | Reached **** piety under Lugonu
  4033 | D:5      | Found a hide-covered altar of Uskayaw.
  4350 | D:5      | Reached skill level 5 in Axes
  4634 | D:5      | Reached skill level 5 in Invocations
  4695 | D:6      | Found a staircase to the Ecumenical Temple.
  5182 | D:6      | Reached XP level 9. HP: 63/73 MP: 12/12
  5332 | D:6      | Found a glowing golden altar of the Shining One.
  5576 | D:7      | Noticed cba's ghost (novice OpAs)
  5632 | D:7      | Killed cba's ghost
  5632 | D:7      | Reached skill level 5 in Fighting
  5774 | D:7      | Found a sacrificial altar of Ru.
  6081 | D:7      | Reached ***** piety under Lugonu
  6157 | D:7      | Noticed a two-headed ogre
  6165 | D:7      | Killed a two-headed ogre
  6345 | D:7      | Reached XP level 10. HP: 81/81 MP: 13/13
  6783 | D:8      | Found a staircase to the Lair.
  6991 | D:8      | Found a shadowy altar of Dithmenos.
  7133 | D:8      | Found an iron altar of Okawaru.
  7246 | D:8      | Found a shimmering altar of Xom.
  7668 | D:8      | HP: 3/82 [electric eel/bolt of electricity (2)]
  8052 | D:9      | Found a hazy altar of Hepliaklqana.
  8157 | D:9      | Found a radiant altar of Vehumet.
  8158 | D:9      | Found a burning altar of Makhleb.
  8697 | D:9      | Found a staircase to the Orcish Mines.
  8898 | Lair:1   | Entered Level 1 of the Lair of Beasts
  8968 | Lair:1   | Noticed baruk's ghost (journeyman DrTm)
  9028 | Lair:1   | Killed baruk's ghost
  9232 | Lair:1   | Noticed Joseph
  9248 | Lair:1   | Killed Joseph
  9248 | Lair:1   | Reached skill level 5 in Shields
  9437 | Lair:1   | Noticed a four-headed hydra
  9439 | Lair:1   | Banished a four-headed hydra
  9439 | Lair:1   | Reached XP level 11. HP: 91/91 MP: 15/15
  9443 | Lair:1   | Noticed an eight-headed hydra
  9444 | Lair:1   | Banished an eight-headed hydra
  9499 | Lair:1   | Found a blossoming altar of Fedhas.
  9731 | Lair:1   | Noticed an oklob plant
 10994 | Lair:2   | Noticed a four-headed hydra
 11000 | Lair:2   | Banished a four-headed hydra
 11592 | Lair:3   | Found a glowing silver altar of Zin.
 11847 | Lair:3   | Found a staircase to the Shoals.
 11864 | Lair:3   | Reached XP level 12. HP: 18/100 MP: 12/17
 12439 | Lair:3   | Noticed Rupert
 12489 | Lair:3   | Paralysed by Rupert for 3 turns
 12763 | Lair:3   | Banished Rupert
 12850 | Lair:3   | Reached skill level 10 in Axes
 13491 | Lair:4   | Noticed a five-headed hydra
 13492 | Lair:4   | Banished a five-headed hydra
 13669 | Lair:4   | Reached skill level 10 in Invocations
 13810 | Lair:4   | Found a shimmering altar of Xom.
 14017 | Lair:4   | Reached skill level 10 in Armour
 14094 | Lair:4   | Found a staircase to the Snake Pit.
 14327 | Lair:5   | Reached XP level 13. HP: 107/107 MP: 19/19
 15039 | Lair:6   | Entered Level 6 of the Lair of Beasts
 15530 | Lair:6   | Slain by a death yak

Skill      XL: |  1  2  3  4  5  6  7  8  9 10 11 12 13 |
---------------+----------------------------------------+-----
Axes           | 2 3 4 5 7 8 9 10 11 | 11.5
Armour         | 2 3 4 5 6 8 9 10 | 10.4
Fighting       | 4 5 6 7 8 |  8.5
Dodging        | 1 2 3 |  3.6
Invocations    | 3 4 5 6 7 8 10 11 | 11.0
Shields        | 1 2 4 5 6 7 |  7.5
Throwing       | |  0.8

Action                   |  1- 3 |  4- 6 |  7- 9 | 10-12 | 13-15 || total
-------------------------+-------+-------+-------+-------+-------++-------
Melee: Hand axe          |    99 |   161 |   111 |       |       ||   371
       War axe           |       |       |   469 |   758 |   180 ||  1407
Throw: Tomahawk          |       |       |     4 |     9 |       ||    13
Invok: Depart the Abyss  |     1 |       |       |       |       ||     1
       Banish            |       |       |     2 |    16 |     1 ||    19
       Bend Space        |       |       |     1 |     2 |       ||     3
  Use: Scroll            |     6 |     1 |    20 |    12 |     1 ||    40
       Potion            |       |       |    14 |     3 |       ||    17
  Eat: Chunk             |    15 |    23 |    51 |    94 |    41 ||   224
Armor: Leather armour    |     9 |       |       |       |       ||     9
       Scale mail        |    22 |    52 |   104 |       |       ||   178
       Chain mail        |       |       |   127 |   376 |   125 ||   628
Dodge: Dodged            |    59 |    94 |   213 |   330 |    99 ||   795
Block: Other             |    24 |    20 |       |       |       ||    44
       Reflection        |     1 |     1 |     7 |     8 |     1 ||    18
       Shield            |       |    23 |   328 |   606 |   195 ||  1152
